Map: Cerulean Fall LE

Players

Swatopluke - Winner!

  • Race: Protoss Protoss
  • League: Platinum
  • Spawn Location: 7:00

dganitay

  • Race: Protoss Protoss
  • League: Platinum
  • Spawn Location: 1:00

VOD

Have the link to the VOD?

Description

Time

  • Played on: Nov. 13, 2018, 4:05 p.m.
  • Length: 9:16
Show
View Real Time Build Order
Export as new Build Order

Swatopluke Protoss - Winner!

Build Orders:  

Get SALT Encoding   

  12  0:00  Probe  
  13  0:12  Probe  
  14  0:18  Pylon  
  14  0:24  Probe  
  15  0:34  Probe  
  15  0:36  Gateway  
  15  0:42  Probe  
  16  0:47  Assimilator  
  17  0:51  Probe  
  18  1:02  Gateway  
  18  1:06  Probe  
  19  1:18  Probe  
  20  1:23  Cybernetics Core  
  20  1:29  Zealot  
  20  1:30  Probe  
  23  1:38  Pylon  
  23  1:53  Warp Gate  
  23  1:56  Probe, Zealot x2  
  28  2:03  Twilight Council  
  29  2:15  Probe  
  29  2:26  Zealot  
  31  2:32  Pylon  
  31  2:34  Gateway  
  31  2:49  Charge  
  31  2:50  Probe  
  32  3:09  Nexus  
  32  3:11  Probe  
  33  3:29  Probe  
  33  3:30  Gateway  
  34  3:56  Probe  
  34  3:57  Stargate  
  31  4:09  Probe  
  32  4:11  Stalker  
  34  4:17  Assimilator  
  34  4:20  Assimilator  
  34  4:21  Probe  
  35  4:27  Stalker  
  35  4:30  Probe  
  38  4:33  Probe, Zealot  
  38  4:34  Zealot x2  
  45  4:48  Probe  
  45  4:49  Probe  
  47  4:54  Phoenix  
  47  4:57  Zealot  
  47  4:58  Zealot  
  53  5:04  Pylon  
  53  5:07  Probe, Pylon  
  54  5:22  Robotics Facility, Probe x2  
  54  5:25  Phoenix  
  53  5:32  Probe x2  
  43  5:48  Probe x2  
  34  6:27  Stalker x2  
  34  6:28  Stalker  
  34  6:39  Probe x2  
  32  6:47  Probe  
  31  6:57  Probe x2  
  29  7:09  Probe  
  30  7:32  Zealot x4  
  30  7:34  Phoenix  
  40  7:37  Probe  
  39  8:14  Zealot x3  
  39  8:15  Zealot  
  43  8:21  Observer  
  43  8:22  Phoenix  
  43  8:23  Probe x2  
  48  8:31  Probe x2  
  46  9:06  Zealot x2  
  46  9:07  Zealot x2  
Show
View Real Time Build Order
Export as new Build Order

dganitay Protoss 

Build Orders: Oracle Opening 

Get SALT Encoding   

  12  0:01  Probe  
  13  0:13  Probe  
  14  0:18  Pylon  
  14  0:25  Probe  
  15  0:37  Gateway  
  15  0:39  Probe  
  16  0:46  Assimilator  
  16  0:47  Probe  
  16  0:55  Probe  
  17  1:03  Assimilator  
  18  1:06  Probe  
  19  1:16  Pylon  
  19  1:18  Probe  
  20  1:24  Assimilator  
  20  1:29  Cybernetics Core  
  20  1:33  Assimilator  
  20  1:35  Probe  
  21  1:49  Probe  
  21  1:50  Assimilator  
  22  1:57  Pylon  
  22  2:12  Stargate  
  21  2:17  Pylon  
  21  2:18  Warp Gate  
  21  2:19  Shield Battery  
  21  2:24  Adept  
  21  2:26  Probe  
  24  2:44  Probe  
  24  2:51  Oracle  
  25  2:57  Probe  
  29  3:16  Shield Battery  
  29  3:19  Gateway  
  29  3:36  Oracle  
  32  3:50  Pylon  
  32  4:13  Oracle  
  32  4:14  Nexus  
  35  4:36  Pylon, Protoss Air Weapons Level 1  
  35  4:44  Probe, Stargate  
  36  4:47  Pylon  
  36  4:57  Probe  
  36  4:58  Phoenix  
  39  5:06  Sentry  
  39  5:14  Zealot  
  41  5:31  Sentry  
  37  5:58  Phoenix  
  37  6:03  Stalker  
  39  6:07  Stalker  
  35  6:32  Sentry  
  16  6:53  Probe  
  12  6:54  Zealot  
  12  7:01  Probe  
  15  7:11  Probe  
  15  7:13  Pylon  
  16  7:18  Phoenix  
  16  7:31  Zealot x2  
  17  7:47  Probe  
  17  7:55  Probe  
  17  8:05  Probe  
  16  8:07  Zealot x2  
  19  8:17  Probe  
  19  8:25  Probe  
  19  8:27  Pylon  
  19  8:33  Probe  
  20  8:34  Forge  
  21  8:54  Zealot  
  21  8:55  Zealot  
Tags
 
Add a new tag
Caveats
  • Supply blocks, unpowered buildings, or Contaminate may cause inaccurate times.
  • Supply counts are checked every 10 seconds.